 Dungeon Crawl Stone Soup version 0.25-a0-502-g6516661 (webtiles) character file.

Game seed: 14599529217429029772, levelgen mode: deterministic

119 drc500free the Shooter (level 4, -7/37 HPs)
             Began as a Minotaur Hunter on Feb 12, 2020.
             Was a Follower of Fedhas.
             Killed by nerve-wracking pain
             ... invoked by an orc priest
              (10 damage)
             ... on level 2 of the Dungeon.
             The game lasted 00:06:22 (1091 turns).

drc500free the Shooter (Minotaur Hunter)            Turns: 1091, Time: 00:06:22

Health: -7/37      AC:  3    Str: 16    XL:     4   Next: 74%
Magic:  3/3        EV: 12    Int:  8    God:    Fedhas [*.....]
Gold:   32         SH:  0    Dex: 12    Spells: 3/3 levels left

rFire    . . .     SeeInvis .   a - +1 shortbow
rCold    . . .     Gourm    .   (shield currently unavailable)
rNeg     . . .     Faith    .   c - +0 leather armour
rPois    .         Spirit   .   (helmet restricted)
rElec    .         Reflect  .   (no cloak)
rCorr    .         Harm     .   (no gloves)
MR       .....                  (no boots)
Stlth    +.........             (no amulet)
HPRegen  0.12/turn              (no ring)
MPRegen  0.08/turn              (no ring)

@: no status effects
A: retaliatory headbutt, horns 2
a: Renounce Religion


You were on level 2 of the Dungeon.
You worshipped Fedhas.
Fedhas was aware of your devotion.
You were not hungry.

You visited 1 branch of the dungeon, and saw 2 of its levels.

You collected 32 gold pieces.

Inventory:

Hand Weapons
 a - a +1 shortbow (weapon)
 b - a +0 short sword
 o - a +0 dagger
Missiles
 d - 4 arrows (quivered)
 g - 39 stones
 i - 4 boomerangs
 j - 7 javelins
 n - 14 bolts
Armour
 c - a +0 leather armour (worn)
 e - a +0 tower shield
 p - a +0 cloak
Scrolls
 h - a scroll of identify {unknown}
 k - a scroll of immolation {unknown}
 l - a scroll of fog {unknown}
 m - a scroll of blinking {unknown}
 q - a scroll of noise {unknown}
Potions
 r - a potion of curing {unknown}
Comestibles
 f - 2 rations


   Skills:
 + Level 2.8 Fighting
 + Level 0.2 Short Blades
 + Level 6.4 Bows
 + Level 0.6 Armour
 + Level 2.4 Dodging
 + Level 0.7 Stealth


You had 3 spell levels left.
You didn't know any spells.
Your spell library was empty.

Dungeon Overview and Level Annotations

Branches:
Dungeon (2/15)

Altars:
Fedhas


Innate Abilities, Weirdness & Mutations

You reflexively headbutt those who attack you in melee.
You have a pair of horns on your head.


Message History

The arrow hits the orc priest but does no damage.
Okay, then.
You don't know any spells.
Your library has no spells.
Firing (i - inventory. (/) - cycle)
d - 6 arrows (quivered)
Press: ? - help, Shift-Dir - straight line, f/p - orc priest
Aim: an orc priest, wearing a +0 ring mail of poison resistance You shoot an arrow.
The arrow hits the orc priest!
The orc priest is severely wounded.
The orc priest mumbles some strange prayers to Beogh against you.
You barely resist.
Firing (i - inventory. (/) - cycle)
d - 5 arrows (quivered)
Press: ? - help, Shift-Dir - straight line, f/p - orc priest
Aim: an orc priest, wearing a +0 ring mail of poison resistance (severely wounded)
You shoot an arrow. The arrow hits the orc priest.
The orc priest is almost dead.
The orc priest invokes the aid of Beogh against you.
Pain shoots through your body!
You die...
Fedhas appreciates your contribution to the ecosystem.

#. .............#
#.##.###(##.....#
#....#..(....)..##
#.<#(#.#......#.
####..((..#...†..+.
#....(######..)..#.
#..(o....((......#.
#......########)##.
#.@....# #....
#.###### #.... #.
#...# #. #...# #.
#...# #. ##...# #.
#..... #. #.....
#.....


You could see an orc priest.

Vanquished Creatures
  An orc priest (D:2)
  An orc wizard (D:2)
  2 adders (D:2)
  A leopard gecko (D:1)
  An orc (D:2)
  2 bats
  2 giant cockroaches
  4 goblins (D:1)
  14 hobgoblins
  2 jackals (D:2)
  A frilled lizard (D:1)
  2 kobolds
  5 rats
38 creatures vanquished.

Notes
Turn   | Place    | Note
-------+----------+-------------------------------------------
     0 | D:1      | drc500free the Minotaur Hunter began the quest for the Orb.
     0 | D:1      | Reached XP level 1. HP: 18/18 MP: 0/0
   217 | D:1      | Reached XP level 2. HP: 25/25 MP: 1/1
   330 | D:1      | Reached skill level 5 in Bows
   714 | D:2      | Found a blossoming altar of Fedhas.
   839 | D:2      | Became a worshipper of Fedhas Madash
   887 | D:2      | Reached XP level 3. HP: 30/30 MP: 2/2
  1064 | D:2      | Reached skill level 6 in Bows
  1064 | D:2      | Reached XP level 4. HP: 36/37 MP: 3/3
  1071 | D:2      | Reached * piety under Fedhas
  1091 | D:2      | Killed from afar by an orc priest

Levels and vault maps discovered:
D:1:      dpeg_arrival_stone_temple_mockup, layout_basic
D:2:      layout_basic, fedhas_altar_fruit_tree

Skill      XL: |  1  2  3 |
---------------+----------+-----
Bows           | 5 6 |  6.4
Fighting       | |  2.8
Short Blades   | |  0.2
Armour         | |  0.6
Dodging        | |  2.4
Stealth        | |  0.7

Action                   |  1- 3 |  4- 6 || total
-------------------------+-------+-------++-------
Melee: Shortbow          |     2 |       ||     2
       Dagger            |    11 |       ||    11
       Headbutt          |     1 |       ||     1
 Fire: Shortbow          |    75 |    22 ||    97
Throw: Stone             |     4 |       ||     4
Armor: Leather armour    |     7 |     1 ||     8
Dodge: Dodged            |    28 |     2 ||    30

Table legend:
 A = Non-vault XP
 B = Vault XP
 C = Vault XP percentage of total XP
 D = Non-vault monster count
 E = Vault monster count
 F = Vault count percentage of total count
                 A         B        C        D         E       F
            +---------+---------+-------+---------+---------+-------
      Total |     171 |       0 |   0.0 |      38 |       0 |   0.0
            +---------+---------+-------+---------+---------+-------
        D:1 |      37 |       0 |   0.0 |      21 |       0 |   0.0
        D:2 |     134 |       0 |   0.0 |      17 |       0 |   0.0
            +---------+---------+-------+---------+---------+-------
